Map: Newkirk Precinct TE (Void)

Players

Dark - Winner!

  • Race: Zerg Zerg
  • Spawn Location: 5:00

ByuN

  • Race: Terran Terran
  • Spawn Location: 7:00

Event: IEM Season 11 - Gyeonggi

VOD

Have the link to the VOD?

Description

Time

  • Played on: Dec. 15, 2016, 12:35 a.m.
  • Length: 16:43

All games in this series

Show
View Real Time Build Order
Export as new Build Order

Dark Zerg - Winner!

Build Orders: Pool First 

Get SALT Encoding   

  12  0:02  Drone  
  13  0:12  Overlord  
  13  0:17  Drone  
  14  0:31  Drone x2  
  16  0:36  Drone  
  17  0:45  Extractor  
  17  0:47  Drone  
  17  0:50  Spawning Pool  
  17  0:56  Drone  
  17  1:08  Drone  
  18  1:19  Hatchery  
  18  1:24  Drone  
  18  1:28  Drone  
  19  1:39  Zergling x2  
  20  1:41  Queen  
  22  1:48  Metabolic Boost  
  22  1:56  Overlord  
  22  2:16  Drone  
  22  2:17  Drone, Queen  
  26  2:31  Queen  
  26  2:33  Drone x2  
  30  2:43  Drone  
  31  2:44  Zergling x2  
  31  2:45  Zergling x2  
  31  2:50  Drone x2  
  34  2:52  Overlord  
  34  2:55  Drone  
  34  2:57  Drone  
  36  3:13  Drone x2  
  36  3:15  Drone  
  39  3:20  Drone  
  39  3:30  Overlord  
  39  3:31  Drone x3  
  42  3:35  Drone  
  42  3:39  Hatchery  
  42  3:46  Lair, Roach Warren  
  42  3:48  Drone x2, Extractor  
  43  3:51  Drone x3  
  45  3:56  Drone x3  
  45  4:01  Drone  
  49  4:03  Extractor x2  
  49  4:07  Overlord  
  48  4:10  Drone  
  48  4:12  Drone  
  48  4:15  Drone  
  50  4:20  Overlord  
  50  4:21  Overlord  
  50  4:26  Roach x2  
  54  4:32  Roach x2  
  54  4:38  Overlord  
  58  4:39  Roach  
  58  4:40  Roach  
  62  4:46  Roach x3  
  62  4:48  Glial Reconstitution  
  62  4:52  Queen  
  70  4:55  Drone x2, Ravager  
  70  4:56  Drone  
  70  4:58  Drone  
  75  5:00  Ravager  
  75  5:02  Drone x2  
  75  5:05  Drone x2  
  80  5:15  Ravager, Overlord  
  80  5:16  Drone x2  
  80  5:18  Evolution Chamber  
  80  5:19  Evolution Chamber  
  80  5:20  Overlord  
  80  5:27  Roach x2  
  80  5:28  Roach  
  76  5:30  Ravager  
  76  5:32  Ravager  
  76  5:34  Roach  
  76  5:35  Roach  
  82  5:40  Roach x2  
  86  5:44  Drone  
  86  5:45  Drone x4  
  86  5:46  Drone  
  92  5:52  Zerg Melee Weapons Level 1  
  92  5:57  Drone x2, Overlord  
  92  6:03  Drone  
  95  6:10  Overlord  
  95  6:17  Drone x9  
  98  6:22  Drone  
  98  6:23  Extractor  
  98  6:24  Extractor  
  97  6:30  Zerg Ground Armor Level 1, Infestation Pit  
  97  6:31  Baneling Nest, Drone  
  96  6:33  Roach x2  
  96  6:34  Roach  
  96  6:39  Ravager  
  103  6:41  Drone x3  
  103  6:43  Drone  
  107  6:51  Drone  
  107  6:53  Drone x2  
  110  6:54  Zergling x2  
  110  6:55  Hatchery  
  110  6:57  Zergling x2  
  111  7:05  Zergling x6  
  114  7:09  Zergling x10  
  114  7:10  Zergling x2  
  114  7:14  Zergling x2  
  121  7:17  Burrow  
  121  7:19  Centrifical Hooks, Overlord x2, Hatchery  
  120  7:26  Baneling x3  
  120  7:34  Drone  
  120  7:35  Drone  
  120  7:36  Spore Crawler, Overlord  
  121  7:38  Infestor x3  
  121  7:39  Spore Crawler  
  121  7:42  Zergling x4  
  121  7:43  Zergling x10  
  133  7:49  Zergling x6  
  136  7:57  Zergling x4  
  137  8:01  Zergling x4  
  137  8:04  Zerg Melee Weapons Level 2, Hive  
  139  8:06  Zergling x8  
  139  8:07  Overlord  
  139  8:08  Baneling x3  
  139  8:09  Baneling  
  139  8:10  Zergling x4  
  145  8:14  Zergling x4  
  145  8:18  Overlord  
  145  8:19  Zergling x2  
  144  8:23  Zergling x8  
  144  8:29  Baneling x3  
  144  8:30  Zergling x4  
  144  8:31  Baneling x2, Zergling x2  
  144  8:32  Drone x3  
  144  8:33  Drone  
  151  8:35  Drone  
  151  8:36  Ravager x3  
  151  8:38  Ravager  
  151  8:39  Drone, Baneling x4  
  157  8:42  Drone  
  157  8:43  Drone  
  157  8:46  Baneling x3  
  157  8:47  Zergling x6  
  162  8:50  Zergling x4  
  162  8:52  Zergling x2  
  165  8:58  Zergling x2  
  165  8:59  Overlord  
  166  9:13  Zergling x24  
  166  9:14  Drone  
  166  9:15  Drone  
  165  9:21  Zerg Ground Armor Level 2  
  165  9:22  Ultralisk Cavern  
  164  9:26  Drone x2  
  164  9:28  Queen  
  167  9:32  Zergling x6  
  167  9:33  Overlord x2  
  170  9:42  Baneling x4  
  170  9:46  Overlord  
  170  9:47  Baneling x2  
  170  9:48  Overlord x2  
  170  9:49  Baneling  
  170  9:50  Baneling x2, Zergling x4  
  170  9:51  Zergling x4  
  174  9:54  Baneling x6  
  174  9:57  Zergling x2  
  174  9:58  Zergling x16  
  183  10:03  Zergling x4  
  183  10:04  Zergling x2  
  186  10:10  Chitinous Plating  
  186  10:12  Viper  
  188  10:20  Hatchery  
  185  10:25  Ultralisk x2  
  171  10:44  Zergling x18  
  171  10:55  Zergling x18  
  173  11:09  Ultralisk  
  162  11:12  Zergling x2  
  162  11:13  Zergling x4  
  165  11:19  Ultralisk x2  
  165  11:22  Baneling x6, Hatchery  
  176  11:26  Drone x2  
  176  11:30  Zerg Melee Weapons Level 3  
  176  11:32  Drone x4  
  182  11:34  Drone  
  180  11:47  Baneling x2  
  180  11:48  Ultralisk  
  180  11:49  Ultralisk  
  191  12:02  Zerg Ground Armor Level 3  
  191  12:03  Drone x2, Extractor  
  191  12:05  Drone, Spore Crawler, Spine Crawler  
  191  12:06  Spine Crawler  
  191  12:07  Baneling  
  191  12:08  Baneling x2  
  190  12:09  Baneling  
  190  12:17  Baneling x3  
  190  12:21  Zergling x8  
  194  12:27  Zergling x4  
  194  12:29  Zergling x6  
  195  12:39  Baneling x3  
  195  12:44  Zergling x2  
  195  12:47  Ravager x2  
  195  12:48  Ravager x2  
  195  12:50  Baneling x3  
  195  12:51  Baneling  
  199  12:57  Pneumatized Carapace  
  198  13:01  Drone x2  
  198  13:04  Spore Crawler, Spine Crawler  
  198  13:05  Drone x4, Spine Crawler  
  199  13:11  Hatchery  
  198  13:21  Spire  
  198  13:22  Baneling  
  198  13:23  Baneling x3  
  197  13:29  Hatchery  
  197  13:31  Spire  
  197  13:34  Drone x3, Extractor  
  195  13:35  Drone x3  
  195  13:37  Extractor  
  195  13:39  Drone x2  
  198  13:52  Zergling x6  
  199  14:20  Zerg Missile Weapons Level 1  
  198  14:28  Spine Crawler  
  197  14:35  Zerg Flyer Weapons Level 1  
  195  14:43  Zergling x12  
  199  14:47  Greater Spire  
  198  14:53  Drone  
  199  15:13  Corruptor x2  
  199  15:14  Corruptor  
  193  15:17  Extractor  
  198  15:28  Zergling x20  
  191  15:40  Corruptor x2, Zergling x10  
  191  15:41  Corruptor  
  194  15:53  Baneling  
  194  15:54  Baneling x17  
  194  15:56  Baneling x5  
  191  16:00  Baneling  
  170  16:15  Zergling x2  
  170  16:16  Zergling x30  
  175  16:20  Zergling x2  
  175  16:21  Zergling x2  
  175  16:22  Zergling x8  
  175  16:23  Zergling x8  
  175  16:25  Zergling x2  
  190  16:27  Hatchery  
Show
View Real Time Build Order
Export as new Build Order

ByuN Terran 

Build Orders: Reaper Expand, MMM Bio 

Get SALT Encoding   

  12  0:00  SCV  
  13  0:12  SCV  
  14  0:17  Supply Depot  
  14  0:24  SCV  
  15  0:38  SCV  
  15  0:40  Barracks  
  16  0:44  Refinery  
  16  0:50  SCV  
  17  1:03  SCV  
  18  1:15  SCV  
  19  1:26  Reaper  
  19  1:27  Orbital Command  
  20  1:41  Command Center  
  20  1:51  Barracks  
  20  1:55  SCV  
  20  1:59  Barracks Reactor  
  21  2:05  Supply Depot  
  21  2:08  SCV  
  22  2:14  Refinery  
  22  2:20  SCV  
  23  2:24  Factory  
  23  2:32  SCV  
  23  2:36  Marine x2  
  26  2:37  Barracks Tech Lab  
  26  2:45  SCV  
  27  2:57  Marine, Stimpack  
  27  2:58  SCV  
  31  3:00  Orbital Command  
  31  3:05  Marine x2  
  31  3:10  SCV  
  32  3:20  Starport  
  32  3:24  Factory Reactor  
  32  3:25  Marine x2  
  34  3:29  SCV x2  
  34  3:30  Marine  
  36  3:41  SCV x2  
  37  3:42  Marine x2  
  37  3:48  Marine  
  41  3:51  Supply Depot  
  43  3:57  Supply Depot  
  43  4:00  Marine x2  
  45  4:06  Marine  
  46  4:10  SCV x2  
  46  4:13  Medivac x2  
  50  4:17  Supply Depot  
  50  4:19  Engineering Bay  
  50  4:20  Marine  
  50  4:21  Marine  
  50  4:23  Marine  
  50  4:24  SCV  
  54  4:25  SCV  
  54  4:29  Engineering Bay  
  55  4:36  SCV  
  55  4:37  SCV  
  57  4:41  Marine x2  
  57  4:42  Marine  
  60  4:45  Medivac  
  60  4:46  Supply Depot  
  60  4:48  Terran Infantry Weapons Level 1  
  60  4:52  SCV x2  
  64  5:01  Combat Shields  
  64  5:02  Marine x3  
  67  5:13  Command Center  
  67  5:16  SCV x2  
  67  5:19  Terran Infantry Armor Level 1  
  68  5:25  Marine  
  68  5:27  Marine x2  
  66  5:31  Factory Tech Lab  
  66  5:32  SCV x2  
  66  5:35  Refinery, Supply Depot  
  68  5:42  Marine  
  68  5:44  SCV x2  
  68  5:45  Barracks  
  68  5:47  Marine x2  
  73  5:56  SCV x2  
  75  6:00  Marine, Siege Tank  
  75  6:01  Barracks  
  75  6:02  Barracks  
  79  6:08  SCV x2  
  81  6:17  Marine x2  
  78  6:18  Marine  
  78  6:20  SCV  
  78  6:21  SCV  
  78  6:23  Refinery  
  81  6:25  Armory  
  81  6:27  Orbital Command  
  81  6:32  SCV, Siege Tank  
  85  6:33  SCV  
  85  6:38  Marine x2, Medivac  
  93  6:43  Barracks Reactor  
  93  6:44  Marine  
  91  6:49  SCV x2  
  93  6:55  Barracks Reactor x2  
  93  6:56  Marine, Orbital Command  
  93  7:01  SCV x2  
  96  7:02  Missile Turret  
  96  7:04  Siege Tank  
  96  7:07  Marine x2  
  101  7:15  Supply Depot  
  101  7:16  Terran Infantry Weapons Level 2  
  101  7:17  Supply Depot  
  101  7:25  Marine x2  
  101  7:26  Marine, SCV x3  
  107  7:30  Supply Depot  
  107  7:32  Marine x2  
  107  7:36  Marine x4  
  113  7:38  SCV, Terran Infantry Armor Level 2  
  113  7:42  SCV x2  
  113  7:43  Marine x3  
  119  7:45  Refinery  
  119  7:49  Siege Tank  
  119  7:50  Marine x2, SCV  
  125  7:54  SCV x2  
  125  7:57  Marine x3  
  127  8:01  Marine  
  127  8:02  SCV, Supply Depot  
  127  8:03  Supply Depot  
  129  8:06  SCV, Terran Vehicle Weapons Level 1  
  129  8:07  Medivac  
  129  8:12  SCV  
  133  8:18  Marine  
  133  8:19  Marine  
  133  8:20  Marine x3  
  133  8:21  Marine  
  133  8:23  Marine  
  133  8:24  Marine x2  
  133  8:25  Siege Tank  
  139  8:34  Barracks x2  
  137  8:35  Barracks, Marine  
  137  8:36  Marine  
  139  8:42  Marine x2  
  139  8:43  Marine x5  
  139  8:45  Supply Depot x2  
  146  8:53  Marine  
  146  8:54  Marine  
  148  9:02  Supply Depot  
  148  9:05  Command Center, Siege Tank  
  148  9:06  Marine  
  148  9:07  Marine x3, Supply Depot  
  153  9:10  Supply Depot  
  153  9:15  Marine x2  
  148  9:18  Medivac x2  
  148  9:23  Barracks Tech Lab x2, Barracks Reactor  
  151  9:25  Marine x2  
  151  9:26  Marine  
  151  9:30  Marine x3  
  157  9:34  Missile Turret  
  157  9:37  Siege Tank  
  160  9:40  Terran Infantry Weapons Level 3  
  160  9:42  Marine x3  
  163  9:48  Marauder x2, Concussive Shells  
  167  9:55  Marine x2  
  169  10:01  Terran Infantry Armor Level 3  
  169  10:06  Marine x5  
  174  10:08  Marauder  
  174  10:11  Medivac x2  
  174  10:12  Marine  
  174  10:13  Marine x2  
  183  10:16  Marine  
  178  10:25  SCV x3  
  181  10:29  Marine  
  181  10:32  Marine  
  173  10:39  Marine x2  
  173  10:40  Marine  
  173  10:41  Marine x2, Medivac x2  
  156  10:44  Marine x2  
  156  10:45  Marine  
  156  10:49  Marine  
  152  10:52  Marine  
  152  10:55  Marine  
  129  11:04  Marine x3  
  129  11:08  Marine  
  129  11:10  Marine  
  117  11:16  Liberator  
  117  11:17  Marine  
  117  11:18  Marine x4  
  118  11:24  Planetary Fortress  
  118  11:27  SCV x2  
  118  11:29  SCV  
  118  11:31  Liberator  
  115  11:49  Marauder  
  115  11:50  Marauder, Marine x5, Factory Reactor  
  115  11:51  Starport  
  115  11:52  Marine x2  
  129  11:56  SCV x3  
  132  12:01  Liberator  
  132  12:02  Missile Turret  
  134  12:08  Marauder  
  134  12:11  Marauder x2  
  134  12:12  Terran Ship Weapons Level 1  
  138  12:20  Marine  
  138  12:21  Marine x6  
  146  12:32  Liberator x2  
  146  12:36  Marine, Liberator  
  146  12:37  Marine  
  146  12:41  Ghost Academy  
  147  12:44  Liberator  
  147  12:48  Marauder x3  
  147  12:49  Factory Reactor  
  159  12:53  Barracks  
  159  12:54  Missile Turret x2  
  162  13:01  Refinery  
  162  13:16  Missile Turret  
  162  13:18  Missile Turret  
  162  13:21  Ghost x3  
  162  13:22  Liberator, Ghost  
  170  13:37  Missile Turret  
  170  13:39  Sensor Tower  
  170  13:41  Marine x7  
  180  13:57  Ghost x2  
  180  13:59  Ghost  
  186  14:18  Command Center  
  186  14:20  Command Center  
  186  14:21  Barracks Tech Lab  
  184  14:25  Ghost x2  
  184  14:26  SCV x2  
  184  14:28  SCV, Ghost  
  191  14:40  SCV x2  
  191  14:42  SCV  
  194  14:52  SCV  
  195  14:55  Sensor Tower  
  195  15:03  Supply Depot  
  195  15:24  Ghost x2  
  195  15:26  Ghost x2  
  191  15:33  Marine x6  
  191  15:34  Marine  
  197  15:36  Marine  
  197  15:37  Orbital Command x2  
  183  15:53  Ghost x2  
  183  15:54  Ghost  
  183  15:57  Ghost  
  180  16:15  Marine  
  136  16:23  Marine  

Tags
 
Add a new tag
Caveats
  • Supply blocks, unpowered buildings, or Contaminate may cause inaccurate times.
  • Supply counts are checked every 10 seconds.